 Dungeon Crawl Stone Soup version 0.26.1-11-gd32895ea62 (webtiles) character file.

Game seed: 6650080607865729838

4701 Zeld the Blocker (level 10, -17/63 HPs)
             Began as an Octopode Fighter on May 21, 2021.
             Was an Elder of Okawaru.
             Hit by a javelin thrown by Urug (31 damage)
             ... on level 10 of the Dungeon.
             The game lasted 00:14:46 (13207 turns).

Zeld the Blocker (Octopode Fighter)                Turns: 13207, Time: 00:14:47

Health: -17/63     AC:  1    Str: 20    XL:     10   Next: 45%
Magic:  10/10      EV: 13    Int: 10    God:    Okawaru [****..]
Gold:   484        SH: 14    Dex: 11    Spells: 9/9 levels left

rFire    . . .     SeeInvis .   m - +5 scimitar
rCold    + . .     Faith    .   b - +2 kite shield
rNeg     . . .     Spirit   .   (helmet restricted)
rPois    .         Reflect  .   (no amulet)
rElec    .         Harm     .   (no ring)
rCorr    .         Rampage  .   (no ring)
Will     .....                  v - ring of protection from cold
Stlth    ++........             (no ring)
HPRegen  0.20/turn              (no ring)
MPRegen  0.12/turn              (no ring)
                                (no ring)
                                (no ring)

@: weak-willed
A: almost no armour, stealthy swim, amphibious, 8 rings, constrict 8, camouflage
1, gelatinous body 1
a: Renounce Religion, Heroism


You were on level 10 of the Dungeon.
You worshipped Okawaru.
Okawaru was greatly pleased with you.
You visited 2 branches of the dungeon, and saw 11 of its levels.

You collected 484 gold pieces.

Inventory:

Hand Weapons
 m - a +5 scimitar (weapon)
Missiles
 j - 48 poisoned darts (quivered)
 l - 15 atropa-tipped darts
 A - 7 boomerangs
 B - 7 javelins
Armour
 b - a +2 kite shield (worn)
Jewellery
 v - a ring of protection from cold (on tentacle)
Wands
 a - a wand of enslavement (14)
 d - a wand of disintegration (6)
 w - a wand of digging (9)
 x - a wand of iceblast (6)
Scrolls
 f - 9 scrolls of teleportation
 i - 6 scrolls of remove curse
 k - 4 scrolls of identify
 s - a scroll of magic mapping
 t - 3 scrolls of amnesia
 y - 2 scrolls of blinking
 G - a scroll of fear
Potions
 c - 2 potions of lignification {unknown}
 e - 5 potions of berserk rage {unknown}
 g - a potion of magic {unknown}
 h - 2 potions of mutation {unknown}
 n - 2 potions of brilliance {unknown}
 o - 2 potions of degeneration {unknown}
 p - a potion of attraction {unknown}
 q - 3 potions of ambrosia {unknown}
 r - a potion of might
 u - 3 potions of cancellation {unknown}
 z - 4 potions of flight {unknown}
 C - 5 potions of haste
 D - a potion of resistance {unknown}
 F - 3 potions of curing {unknown}


   Skills:
 - Level 3.0 Fighting
 * Level 10.7 Long Blades
 - Level 3.0 Dodging
 * Level 11.0 Shields


You had 9 spell levels left.
You didn't know any spells.
Your spell library contained the following spells:

 Spells                   Type           Power        Failure   Level
 Beastly Appendage        Tmut           0%           54%         1
 Corona                   Hex            0%           54%         1
 Summon Small Mammal      Summ           0%           54%         1
 Call Imp                 Summ           0%           67%         2
 Ensorcelled Hibernation  Hex/Ice        0%           67%         2
 Wereblood                Tmut           0%           67%         2
 Call Canine Familiar     Summ           0%           88%         3
 Confusing Touch          Hex            0%           88%         3
 Dazzling Flash           Conj/Hex       0%           88%         3
 Spider Form              Tmut/Pois      0%           88%         3
 Summon Guardian Golem    Hex/Summ       0%           88%         3
 Tukima's Dance           Hex            0%           88%         3
 Cause Fear               Hex            0%           99%         4
 Ice Form                 Ice/Tmut       0%           99%         4
 Summon Ice Beast         Ice/Summ       0%           99%         4
 Summon Lightning Spire   Summ/Air       0%           99%         4
 Blade Hands              Tmut           0%           100%        5
 Silence                  Hex/Air        0%           100%        5
 Yara's Violent Unravell  Hex/Tmut       0%           100%        5
 Discord                  Hex            0%           100%        8


Dungeon Overview and Level Annotations

Branches:
Dungeon (10/15)            Temple (1/1) D:4            Lair (0/6) D:8
    Orc: D:9-12

Altars:
Ashenzari
Cheibriados
Dithmenos
Elyvilon
Fedhas
Gozag
Hepliaklqana
Kikubaaqudgha
Makhleb
Nemelex Xobeh
Okawaru
Qazlal
Ru
Sif Muna
Trog
Uskayaw
Vehumet
Wu Jian
Xom
Yredelemnul
Zin
The Shining One
Lugonu

Annotations:
D:10 Urug


Innate Abilities, Weirdness & Mutations

You cannot wear most types of armour.
You are very stealthy in the water. (Stealth+)
You are amphibious.
You can wear up to eight rings at the same time.
You can use your tentacles to constrict eight enemies at once.
Your skin changes colour to match your surroundings (Stealth+).
Your rubbery body absorbs attacks. (AC +1, EV +1)


Message History

The phantasmal warrior is heavily damaged.
The phantasmal warrior hits you!
You barely miss the phantasmal warrior.
The phantasmal warrior is heavily damaged.
The necromancer barely misses you. The phantasmal warrior hits you!
* * * LOW HITPOINT WARNING * * *
Unknown command.
Okay, then.
You hit the phantasmal warrior but do no damage.
Your squeeze misses the phantasmal warrior.
The phantasmal warrior is heavily damaged.
Your surroundings suddenly seem different.
Found 10 poisoned darts and a scroll of amnesia.
Found a stone staircase leading up.
Urug the Orcish Ballista comes into view.
She is wielding a +4 demon trident of electrocution.
Found a stone staircase leading up.
Urug shouts!
A scorpion comes into view.
Urug throws a javelin.
The javelin pierces through you!!
You die...

### ... # #.. #.
#.# #..####.#
##.......# #
.........####..<
.....?<@........
...####..(###..
#...# #...#
#...# .....#
.....o.
.........s
######....


You could see Urug and a scorpion (wandering).

Vanquished Creatures
  Harold (D:7)
  Pikel (D:6)
  Grinder (D:4)
  Eustachio (D:5)
  A sky beast (D:6)
  An ice beast (D:6)
  3 ogres
  2 phantoms
  2 centaurs
  Blork the orc (D:5)
  2 bullfrogs
  25 wights
  2 howler monkeys
  A centaur zombie (D:9)
  2 bullfrog zombies
  6 hounds
  A jelly (D:5)
  2 orc priests
  Jessica (D:2)
  Ijyb (D:3)
  An iguana (D:5)
  7 orc wizards
  6 worker ants
  2 hound zombies
  A worker ant zombie (D:8)
  Robin (D:3)
  4 gnolls
  7 adders
  2 shadow imps (D:5)
  2 white imps
  2 ufetubi
  2 oozes
  An adder skeleton (D:5)
  An adder zombie (D:6)
  5 worms
  2 dart slugs
  6 leopard geckos
  20 orcs
  8 bats
  4 giant cockroaches
  5 hobgoblins
  9 jackals
  6 kobolds (D:1)
  2 quokkas
  4 ball pythons
  3 frilled lizards
  19 goblins
  A quokka zombie (D:7)
  8 rats
198 creatures vanquished.

Vanquished Creatures (others)
  7 plants
7 creatures vanquished.

Grand Total: 205 creatures vanquished

Notes
Turn   | Place    | Note
-------+----------+-------------------------------------------
     0 | D:1      | Zeld the Octopode Fighter began the quest for the Orb.
     0 | D:1      | Reached XP level 1. HP: 16/16 MP: 1/1
    94 | D:1      | Reached XP level 2. HP: 14/21 MP: 2/2
   635 | D:1      | Reached XP level 3. HP: 7/26 MP: 3/3
  1182 | D:2      | Found a faded altar of an unknown god.
  1285 | D:2      | Found a bloodstained altar of Trog.
  2264 | D:1      | Reached skill level 4 in Shields
  2264 | D:1      | Reached XP level 4. HP: 22/31 MP: 4/4
  2801 | D:2      | Found a shimmering altar of Xom.
  2881 | D:2      | Found a hazy altar of Hepliaklqana.
  3134 | D:2      | Found a burning altar of Makhleb.
  3311 | D:2      | Found a shadowy altar of Dithmenos.
  3381 | D:2      | Noticed Jessica
  3391 | D:2      | Killed Jessica
  3392 | D:2      | Reached XP level 5. HP: 26/36 MP: 5/5
  3755 | D:3      | Noticed Robin
  4048 | D:3      | Killed Robin
  4322 | D:3      | Reached skill level 5 in Shields
  4616 | D:3      | Reached XP level 6. HP: 42/42 MP: 6/6
  4708 | D:3      | Found a broken altar of Ashenzari.
  4803 | D:3      | Noticed Ijyb
  4808 | D:3      | Killed Ijyb
  5215 | D:4      | Reached skill level 5 in Long Blades
  5287 | D:4      | Noticed a phantom
  5771 | D:4      | Noticed Grinder
  5773 | D:4      | Paralysed by Grinder for 6 turns
  5779 | D:4      | Found a staircase to the Ecumenical Temple.
  5785 | D:4      | Killed Grinder
  5786 | D:4      | Reached skill level 6 in Shields
  5786 | D:4      | Reached XP level 7. HP: 42/46 MP: 7/7
  5925 | Temple   | Entered the Ecumenical Temple
  6010 | Temple   | Became a worshipper of Warmaster Okawaru
  6794 | D:5      | Entered Level 5 of the Dungeon
  6805 | D:5      | Found an opulent altar of Gozag.
  6805 | D:5      | Noticed Blork the orc
  6895 | D:5      | Noticed Eustachio
  7010 | D:5      | Reached XP level 8. HP: 25/52 MP: 8/8
  7037 | D:5      | Reached skill level 7 in Shields
  7066 | D:5      | HP: 2/52 [poisoned by a worker ant]
  7334 | D:5      | Found an ornate altar of the Wu Jian Council.
  7340 | D:5      | Noticed a spectral centipede
  7340 | D:5      | Noticed a spectral black mamba
  7419 | D:5      | Found a sparkling altar of Nemelex Xobeh.
  7425 | D:5      | Killed Blork the orc
  7733 | D:5      | Got a glittering platinum amulet
  7811 | D:5      | Found a sparkling altar of Nemelex Xobeh.
  7823 | D:5      | Killed Eustachio
  7823 | D:5      | Reached * piety under Okawaru
  7882 | D:5      | Identified the amulet "Zudiem" {Reflect +Inv rPois Str-3
                  | Int+7 SH+5} (You found it on level 5 of the Dungeon)
  9048 | D:5      | Reached skill level 8 in Shields
  9186 | D:6      | Reached XP level 9. HP: 56/56 MP: 9/9
  9339 | D:6      | Found a blossoming altar of Fedhas.
  9396 | D:6      | You fall into a shaft and drop 3 floors!
  9409 | D:9      | Reached ** piety under Okawaru
  9763 | D:6      | Noticed Pikel
  9778 | D:6      | Killed Pikel
  9779 | D:6      | Reached skill level 9 in Shields
 10561 | D:6      | Found a hide-covered altar of Uskayaw.
 10774 | D:7      | Reached *** piety under Okawaru
 11060 | D:7      | Noticed Harold
 11080 | D:7      | Killed Harold
 11081 | D:7      | Reached skill level 10 in Long Blades
 11081 | D:7      | Reached skill level 10 in Shields
 11081 | D:7      | Reached XP level 10. HP: 25/63 MP: 10/10
 11338 | D:7      | Found a white marble altar of Elyvilon.
 11829 | D:8      | Found a snail-covered altar of Cheibriados.
 11981 | D:8      | Found a staircase to the Lair.
 12013 | D:8      | Reached **** piety under Okawaru
 13075 | D:9      | Reached skill level 11 in Shields
 13134 | D:10     | Entered Level 10 of the Dungeon
 13181 | D:10     | Noticed a necromancer
 13189 | D:10     | Noticed a phantasmal warrior
 13206 | D:10     | Noticed Urug
 13207 | D:10     | Hit by a javelin thrown by Urug

Illustrated notes

Levels and vault maps discovered:
D:1:      minmay_arrival_arboretum_small, layout_basic
D:2:      layout_loops_ring, lemuel_doored_altar, bloody_trog,
          lemuel_round_altar, nicolae_overflow_crystal_walls,
          general_overflow_altar, chequers_ecumenical_altar_simple_redux,
          uniq_jessica
D:3:      layout_loops_cross, evilmike_ruin_ashenzari, minmay_splitting_lines,
          kennysheep_generic_room_2, uniq_ijyb, uniq_robin
D:4:      layout_basic, minmay_temple_entry_statues, minmay_misc_feat_tower,
          serial_bayou_ford_a, uniq_grinder
D:5:      layout_rooms, pdpol_wu_jian_five_deadly_venoms, lemuel_crystal_altar,
          nemelex_xobeh_ov_fountains_minmay, portal_sewer_entry_e,
          nemelex_lonely_heart_becter, uniq_blork_the_orc, uniq_eustachio
D:6:      layout_basic, fedhas_ov_isle_minmay, old_standard_altar, uniq_pikel
D:7:      layout_basic, lemuel_coloured_pillars_altar, interstate_on_off,
          uniq_harold
D:8:      layout_rooms, kennysheep_little_box, lair_entry_dummy
D:9:      layout_long_grid, grunt_decor_clamped
D:10:     minmay_the_grid_net [minmay_the_grid_dragon_a,
          minmay_the_grid_stretched_grid, minmay_the_grid_expand,
          minmay_the_grid_spikes, minmay_the_grid_square_x,
          minmay_the_grid_prize_diamond_cup], layout_small_grid, serial_shops,
          nicolae_shop_behind_doors, grunt_ministairs_2, hive_lemuel,
          uniq_sonja, uniq_urug
Temple:   kb_corrupted_temple

Skill      XL: |  1  2  3  4  5  6  7  8  9 10 |
---------------+-------------------------------+-----
Long Blades    | 3 4 5 6 8 10 | 10.7
Shields        | 4 5 6 8 10 11 | 11.0
Fighting       | |  3.0
Dodging        | |  3.0

Action                   |  1- 3 |  4- 6 |  7- 9 | 10-12 || total
-------------------------+-------+-------+-------+-------++-------
Melee: Long sword        |    69 |   120 |   207 |    15 ||   411
       Tentacles         |     7 |    38 |    56 |    27 ||   128
       Constrict         |    21 |    40 |    53 |    17 ||   131
       Scimitar          |       |       |       |    88 ||    88
Evoke: Wand              |       |       |     1 |       ||     1
  Use: Potion            |       |     1 |       |       ||     1
       Scroll            |       |       |    14 |     6 ||    20
 Stab: Sleeping          |     5 |    10 |     4 |     2 ||    21
Armor: Skin              |    10 |     5 |     9 |       ||    24
Dodge: Dodged            |    46 |    46 |    97 |    21 ||   210
Block: Kite shield       |    49 |    59 |   139 |    51 ||   298
       Rpst.: Long sword |     8 |    16 |    24 |     1 ||    49
       Scimitar          |       |       |       |     4 ||     4
